Map: Frost LE

Players

llllllllllll - Winner!

  • Race: Protoss Protoss
  • League: Diamond

TempO

  • Race: Zerg Zerg
  • League: Diamond

VOD

Have the link to the VOD?

Description

Time

  • Played on: July 20, 2016, 10:58 p.m.
  • Length: 10:45
Show
View Real Time Build Order
Export as new Build Order

llllllllllll Protoss - Winner!

Build Orders: 1 Gate Expand 

Get SALT Encoding   

  12  0:01  Probe (Chrono Boost)  
  13  0:12  Probe (Chrono Boost)  
  14  0:22  Probe (Chrono Boost)  
  14  0:24  Pylon  
  15  0:42  Probe (Chrono Boost)  
  16  0:47  Gateway  
  16  0:52  Probe (Chrono Boost)  
  17  1:02  Assimilator  
  18  1:04  Probe (Chrono Boost)  
  18  1:06  Assimilator  
  18  1:14  Probe (Chrono Boost)  
  19  1:25  Probe (Chrono Boost)  
  20  1:32  Nexus  
  20  1:38  Probe (Chrono Boost)  
  21  1:48  Probe (Chrono Boost)  
  21  1:50  Cybernetics Core  
  22  1:59  Probe (Chrono Boost)  
  23  2:11  Pylon  
  23  2:29  Stalker  
  26  2:32  Mothership Core (Chrono Boost)  
  27  2:50  Probe (Chrono Boost)  
  28  3:01  Probe (Chrono Boost)  
  28  3:02  Probe (Chrono Boost)  
  30  3:12  Probe x2 (Chrono Boost)  
  32  3:13  Assimilator  
  32  3:15  Assimilator  
  32  3:21  Pylon  
  32  3:23  Probe x2 (Chrono Boost)  
  34  3:34  Probe x2 (Chrono Boost)  
  36  3:44  Probe x2 (Chrono Boost)  
  38  3:49  Stargate  
  38  3:50  Stargate  
  38  3:52  Stargate  
  38  3:55  Probe x2 (Chrono Boost)  
  40  4:08  Forge, Probe x2 (Chrono Boost)  
  42  4:18  Probe (Chrono Boost)  
  42  4:19  Probe (Chrono Boost)  
  42  4:23  Pylon  
  44  4:29  Probe x2 (Chrono Boost)  
  46  4:34  Oracle  
  46  4:35  Oracle  
  52  4:41  Oracle  
  52  4:43  Probe x2 (Chrono Boost)  
  57  4:53  Probe (Chrono Boost)  
  57  4:54  Probe (Chrono Boost)  
  57  4:55  Pylon  
  57  4:58  Pylon  
  59  5:10  Oracle  
  59  5:12  Oracle x2  
  68  5:26  Photon Cannon  
  68  5:36  Photon Cannon  
  68  5:37  Photon Cannon  
  68  5:40  Pylon  
  68  5:49  Pylon  
  68  5:52  Pylon  
  68  5:58  Photon Cannon  
  68  6:02  Void Ray  
  68  6:03  Void Ray x2  
  76  6:39  Void Ray  
  76  6:41  Pylon  
  76  6:46  Void Ray  
  84  6:53  Photon Cannon  
  84  6:58  Void Ray  
  88  7:03  Photon Cannon  
  88  7:16  Void Ray  
  88  7:21  Photon Cannon  
  92  7:25  Nexus  
  92  7:32  Void Ray  
  96  7:41  Void Ray, Photon Cannon  
  100  8:00  Assimilator  
  100  8:04  Assimilator  
  100  8:05  Photon Cannon  
  104  8:14  Void Ray, Pylon  
  106  8:34  Phoenix  
  100  8:37  Phoenix  
  88  8:55  Phoenix  
  88  8:57  Phoenix  
  88  8:59  Probe (Chrono Boost)  
  88  9:01  Probe (Chrono Boost)  
  88  9:02  Phoenix  
  96  9:09  Probe (Chrono Boost)  
  98  9:10  Probe (Chrono Boost)  
  98  9:13  Probe (Chrono Boost)  
  99  9:17  Phoenix  
  99  9:20  Probe (Chrono Boost)  
  99  9:22  Phoenix  
  104  9:27  Phoenix  
  104  9:30  Probe (Chrono Boost)  
  107  9:41  Probe (Chrono Boost)  
  108  9:51  Probe (Chrono Boost)  
  110  10:14  Probe (Chrono Boost)  
  110  10:25  Probe (Chrono Boost)  
Show
View Real Time Build Order
Export as new Build Order

TempO Zerg 

Build Orders: Hatch First 

Get SALT Encoding   

  12  0:00  Drone  
  13  0:15  Overlord  
  13  0:18  Drone  
  14  0:34  Drone  
  14  0:35  Drone  
  16  0:38  Drone  
  17  0:54  Hatchery  
  17  0:56  Drone  
  17  1:04  Drone  
  17  1:05  Extractor  
  17  1:14  Spawning Pool  
  16  1:24  Drone  
  16  1:25  Drone  
  18  1:34  Drone  
  20  2:01  Drone  
  20  2:03  Overlord  
  20  2:04  Queen  
  22  2:08  Queen  
  22  2:09  Metabolic Boost  
  22  2:12  Zergling x2  
  25  2:17  Drone x2  
  25  2:19  Drone  
  28  2:28  Drone x2  
  30  2:36  Drone  
  31  2:39  Drone  
  32  2:49  Pneumatized Carapace  
  32  2:55  Drone x2  
  34  3:05  Drone  
  35  3:08  Hatchery  
  35  3:09  Overlord  
  35  3:12  Drone  
  35  3:13  Drone  
  36  3:27  Queen  
  36  3:29  Drone x2  
  36  3:30  Overlord, Drone  
  36  3:31  Drone x3  
  44  3:41  Spore Crawler  
  44  3:42  Queen, Spore Crawler  
  44  3:49  Overlord  
  44  3:56  Drone x5  
  44  3:57  Drone  
  44  4:02  Overlord  
  50  4:03  Drone  
  50  4:04  Drone  
  52  4:14  Queen  
  52  4:16  Extractor  
  53  4:17  Extractor  
  53  4:18  Lair  
  53  4:23  Extractor  
  51  4:24  Drone x2  
  51  4:26  Roach Warren  
  51  4:28  Drone  
  51  4:31  Evolution Chamber  
  52  4:34  Overlord  
  52  4:41  Drone x2  
  54  4:52  Drone  
  55  4:53  Drone x3  
  55  4:54  Drone x3  
  55  4:57  Zerg Melee Weapons Level 1  
  61  5:02  Spore Crawler  
  61  5:06  Zergling x14  
  67  5:10  Drone  
  68  5:14  Drone x2  
  68  5:16  Glial Reconstitution  
  68  5:19  Overseer  
  70  5:27  Drone  
  70  5:28  Overlord, Drone x3  
  74  5:44  Overlord x3  
  74  5:48  Roach x4  
  82  5:51  Overlord  
  82  6:03  Queen  
  83  6:08  Overlord  
  83  6:10  Spore Crawler  
  82  6:11  Spire  
  82  6:13  Spore Crawler  
  82  6:17  Queen  
  84  6:18  Overlord  
  78  6:39  Queen  
  70  6:53  Queen  
  72  7:10  Hatchery  
  70  7:24  Mutalisk x9, Zerg Flyer Weapons Level 1  
  70  7:26  Overlord  
  88  7:31  Overlord  
  88  7:32  Zerg Melee Weapons Level 2  
  88  7:35  Zergling x16  
  94  7:47  Mutalisk  
  96  7:52  Queen  
  96  7:57  Queen  
  100  8:00  Extractor  
  100  8:03  Extractor  
  96  8:18  Mutalisk x3  
  102  8:25  Hatchery  
  98  8:28  Queen  
  98  8:29  Mutalisk  
  96  8:36  Zergling x2  
  96  8:37  Zergling x22  
  101  8:51  Ravager x2  
  101  8:52  Overlord  
  101  8:53  Overlord x2  
  103  8:56  Mutalisk x2  
  107  9:10  Overlord x3  
  107  9:25  Mutalisk  
  107  9:26  Mutalisk  
  107  9:30  Queen x2  
  105  9:47  Hatchery  
  102  9:54  Mutalisk  
  102  9:55  Mutalisk x2  
  104  10:06  Drone  
  94  10:07  Drone x8  
  94  10:11  Corruptor  
  94  10:12  Corruptor  
  105  10:18  Roach x3  
Tags
 
Add a new tag
Caveats
  • Supply blocks, unpowered buildings, or Contaminate may cause inaccurate times.
  • Supply counts are checked every 10 seconds.